 Dungeon Crawl Stone Soup version 0.13.0-5-g7e31f0a (webtiles) character file.

161 Antur the Charmwright (level 4, 0/29 HPs)
             Began as a High Elf Skald on Oct 14, 2013.
             Slain by a kobold
             ... wielding a +1,+2 short sword
              (2 damage)
             ... on Level 2 of the Dungeon.
             The game lasted 00:05:38 (2344 turns).

Antur the Charmwright (High Elf Skald)              Turns: 2344, Time: 00:05:38

HP   0/29        AC  4     Str 11      XL: 4   Next:  2%
MP  10/11        EV 11     Int 16      God:
Gold 92          SH  0     Dex 15      Spells:  1 memorised,  7 levels left

Res.Fire  : . . .   See Invis. : .   a - +0,+1 elf falchion
Res.Cold  : . . .   Warding    : .   b - +0 elf leather armour
Life Prot.: . . .   Conserve   : .   (no shield)
Res.Poison: .       Res.Corr.  : .   (no helmet)
Res.Elec. : .       Clarity    : .   n - +0 cloak
Sust.Abil.: . .     Spirit.Shd : .   (no gloves)
Res.Mut.  : .       Stasis     : .   (no boots)
Res.Rott. : .       Flight     : +   (no amulet)
Saprovore : . . .                    (no ring)
                                     (no ring)

@: confused, flying, slightly resistant to hostile enchantments, very unstealthy
A: no striking features
a: no special abilities


You were on level 2 of the Dungeon.
You were not hungry.

You visited 1 branch of the dungeon, and saw 2 of its levels.

You collected 72 gold pieces.

Inventory:

Hand weapons
 a - a +0,+1 elven falchion (weapon)
Armour
 b - a +0 elven leather armour (worn)
 n - a +0 cloak (worn)
Comestibles
 d - a bread ration
 m - a meat ration
Scrolls
 h - a scroll of identify
 k - a scroll of teleportation {unknown}
 l - a scroll of curse jewellery {unknown}
Potions
 e - a potion of restore abilities
Books
 c - a book of Battle

   Spells                             Type                      Level
   *Infusion                          Charms                       1
   Shroud of Golubria                 Charms/Translocation         2
   Song of Slaying                    Charms                       2
   Spectral Weapon                    Hexes/Charms                 3
   Regeneration                       Charms/Necromancy            3
   Song of Shielding                  Charms                       4


   Skills:
 + Level 2.2 Fighting
 * Level 3.5 Long Blades
 + Level 1.3 Armour
 * Level 2.3 Dodging
 + Level 2.6 Spellcasting
 + Level 4.1 Charms


You had 7 spell levels left.
You knew the following spells:

 Your Spells              Type           Power        Failure   Level  Hunger
a - Infusion              Chrm           ###...       4%          1    #......


Dungeon Overview and Level Annotations

Branches:
Dungeon (2/27)

Altars:
Nemelex Xobeh


Message History

The kobold hits you but does no damage. The giant gecko closely misses you.
The giant gecko bites you but does no damage.
Drink which item? (? for menu, Esc to quit)
Okay, then.
The giant gecko barely misses you. The giant gecko bites you.
* * * LOW HITPOINT WARNING * * *
The kobold misses you.
Drink which item? (? for menu, Esc to quit)
You feel very buoyant.
You fly up into the air.
It was a potion of flight.
The giant gecko bites you.
* * * LOW HITPOINT WARNING * * *
Drink which item? (? for menu, Esc to quit)
You are confused.
It was a potion of confusion.
The kobold closely misses you. The giant gecko misses you.
The kobold barely misses you.
You see here a dart.
Ouch! The kobold barely misses you.
You closely miss the kobold. The kobold hits you with a short sword.
You die...

#........##.............# #....
#[.......#..#...........# ###....
#...>....'.##...........# #......
#........####...........###.#....
######+### #...............#....
#...........#####....
######.###### ##.## ####.# #.#
#(@..# #.# ##K######## #..
#.........# ##. #.........#
#...).......# #..#.........
#.##......... +.. #......... #.
#.#....[.


You could see a kobold.

Vanquished Creatures
  2 adders
  A worm (D:2)
  An ooze (D:1)
  3 bats
  A bat zombie (D:1)
  6 goblins
  6 hobgoblins
  5 jackals
  A ball python (D:1)
  3 giant geckos
  2 giant newts
  A hobgoblin zombie (D:1)
  6 kobolds
  7 rats
45 creatures vanquished.

Notes
Turn   | Place    | Note
--------------------------------------------------------------
     0 | D:1      | Antur, the High Elf Skald, began the quest for the Orb.
     0 | D:1      | Reached XP level 1. HP: 13/13 MP: 4/4
   113 | D:1      | Reached skill level 1 in Armour
   281 | D:1      | Found a sparkling altar of Nemelex Xobeh.
   312 | D:1      | Reached XP level 2. HP: 18/18 MP: 6/6
   553 | D:1      | Reached skill level 4 in Charms
  1313 | D:1      | Reached XP level 3. HP: 17/23 MP: 4/8
  2233 | D:2      | Reached XP level 4. HP: 26/29 MP: 8/11
  2344 | D:2      | Slain by a kobold

Action                   |  1- 3 |  4- 6 || total
-------------------------+-------+-------++-------
Melee: Falchion          |   130 |     8 ||   138
 Cast: Infusion          |    20 |     1 ||    21
  Use: Scroll            |     4 |       ||     4
       Potion            |       |     2 ||     2
